 Dungeon Crawl Stone Soup version 0.15-a0-674-g7948ca6 (webtiles) character file.

751 4tharraofdagon the Insei (level 7, -1/56 HPs)
             Began as a Demonspawn Monk on May 9, 2014.
             Was a Follower of Qazlal.
             Slain by Eustachio
             ... wielding a +0,+0 war axe
              (9 damage)
             ... on Level 4 of the Dungeon.
             The game lasted 00:15:57 (2010 turns).

4tharraofdagon the Insei (Demonspawn Monk)          Turns: 2010, Time: 00:15:58

HP  -1/56        AC  7     Str 11      XL: 7   Next: 49%
MP  18/18        EV  7     Int 12      God: Qazlal [*.....]
Gold 235         SH  4     Dex 18      Spells:  0 memorised,  6 levels left

rFire  . . .     SeeInvis .       - Unarmed
rCold  . . .     Clarity  .     j - +0 scale mail (curse)
rNeg   . . .     Conserve .     (no shield)
rPois  .         rCorr    .     (no helmet)
rElec  .         rRot     .     (no cloak)
SustAb . .       Spirit   .     (no gloves)
rMut   .         Warding  .     (no boots)
Saprov . . .     Stasis   .     (no amulet)
MR     .....                    r - +1 ring of dexterity
                                h - ring of magical power

@: hasted, drained, very quick, not resistant to hostile enchantments, very
unstealthy
A: claws 1, rugged brown scales 1, demonic guardian 1
a: Renounce Religion


You were on level 4 of the Dungeon.
You worshipped Qazlal.
Qazlal was aware of your devotion.
You were hungry.

You visited 2 branches of the dungeon, and saw 7 of its levels.
You also visited: Ossuary.

You collected 235 gold pieces.

Inventory:

Hand weapons
 k - a cursed +0,+0 mace of draining
Armour
 a - a cursed +0 robe
 j - a cursed +0 scale mail (worn)
Comestibles
 b - 2 bread rations
 f - 4 chunks of orc flesh
 q - a meat ration
Scrolls
 c - a scroll of enchant armour {unknown}
 d - 3 scrolls of blinking {unknown}
 e - 8 scrolls of identify {unknown}
 i - 3 scrolls of remove curse {unknown}
 o - a scroll of teleportation {unknown}
 p - a scroll of random uselessness {unknown}
Jewellery
 h - a ring of magical power (left claw)
 r - a +1 ring of dexterity (right claw)
Potions
 l - a potion of haste
 m - 2 potions of might
 n - 2 potions of flight {unknown}


   Skills:
 + Level 4.7(4.4) Fighting
 + Level 4.4(4.1) Dodging
 - Level 3.1(2.8) Stealth
 * Level 6.0(5.7) Unarmed Combat
 + Level 2.6(2.3) Invocations


You had 6 spell levels left.
You didn't know any spells.

Dungeon Overview and Level Annotations

Branches:
Dungeon (6/15)             Temple (1/1) D:5

Altars:
Ashenzari
Dithmenos
Gozag
Qazlal
Sif Muna
Trog
Vehumet
Yredelemnul

Annotations:
D:4 Eustachio


Innate Abilities, Weirdness & Mutations

You have sharp fingernails.
You are partially covered in rugged brown scales (AC +1, +3% HP).
A weak demonic guardian rushes to your aid.


Message History

Drink which item? (? for menu, Esc to quit)
You feel better. You block the white imp's attack.
Your crimson imp hits the orc but does no damage.
Eustachio hits you but does no damage.
The iron imp hits you but does no damage.
The iron imp hits you.
* * * LOW HITPOINT WARNING * * *
Unknown command.
Drink which item? (? for menu, Esc to quit)
You feel yourself speed up. The orc misses your crimson imp.
The hippogriff bites you.
* * * LOW HITPOINT WARNING * * *
The hippogriff completely misses you. The hippogriff claws you.
* * * LOW HITPOINT WARNING * * *
The white imp hits you but does no damage.
Your crimson imp hits the orc.
The orc dies!
Qazlal accepts your collateral kill.
Eustachio hits you with a war axe!
You die...

.. #.#..##.### #.#
# #.......# #.#
#####..####### #.#
#...#o...........#
#......######.....
#..<#### H####
##.## g#
##5##########.#
#@@5........#.#
#H5########.#.#
#og# #....#
#.o##......#.......
#>.# .####.........
#5.# ##.###.###
..... .. .#
##.##..# ##. . #..
..H. .. #


You could see Eustachio (bleeding), a hippogriff, 2 iron imps, a white imp, 2
orcs, a hobgoblin and a friendly crimson imp.

Vanquished Creatures
  A water moccasin (D:6)
  An ogre (D:6)
  An ice beast (D:5)
  2 sky beasts
  An orc priest (D:6)
  A crimson imp (D:5)
  3 worker ants
  A big kobold zombie (Ossuary)
  3 mummies (Ossuary)
  An adder (D:4)
  A shadow imp (D:5)
  A giant mite (D:5)
  An ufetubus (D:6)
  An adder zombie (Ossuary)
  An adder skeleton (D:4)
  4 oozes
  6 orcs
  A ball python (D:5)
  5 bats
  A giant cockroach (D:5)
  3 hobgoblins
  4 jackals (D:2)
  A giant cockroach zombie (D:5)
  A giant gecko zombie (D:5)
  2 giant newts
  3 goblins
  A goblin zombie (D:5)
  15 kobolds
  A quokka zombie (D:5)
  2 rats (D:1)
  A rat skeleton (D:4)
  2 rat zombies
73 creatures vanquished.

Vanquished Creatures (collateral kills)
  A big kobold (D:4)
  An elf zombie (Ossuary)
  A scorpion (D:5)
  A big kobold zombie (Ossuary)
  A mummy (Ossuary)
  A hound zombie (Ossuary)
  An orc (D:4)
  A gnoll zombie (Ossuary)
  10 kobolds (D:4)
  A goblin zombie (Ossuary)
  A hobgoblin zombie (Ossuary)
  2 kobold zombies (Ossuary)
  A rat (D:5)
  A rat zombie (Ossuary)
24 creatures vanquished.

Vanquished Creatures (others)
  3 iron imps
  6 quasits
  7 white imps
  8 ufetubi
24 creatures vanquished.

Grand Total: 121 creatures vanquished

Notes
Turn   | Place    | Note
--------------------------------------------------------------
     0 | D:1      | 4tharraofdagon, the Demonspawn Monk, began the quest for the Orb.
     0 | D:1      | Reached XP level 1. HP: 18/18 MP: 1/1
   142 | D:1      | Gained mutation: A weak demonic guardian rushes to your aid. [demonic ancestry]
   142 | D:1      | Reached XP level 2. HP: 9/24 MP: 2/2
   378 | D:4      | Reached skill level 4 in Unarmed Combat
   378 | D:4      | Gained mutation: You are partially covered in rugged brown scales (AC +1, +3% HP). [demonic ancestry]
   378 | D:4      | Reached XP level 3. HP: 15/29 MP: 3/3
   408 | D:4      | Noticed a big kobold
   438 | D:4      | Killed a big kobold
   438 | D:4      | Reached XP level 4. HP: 13/36 MP: 4/4
   567 | D:4      | Noticed a hippogriff
   607 | D:5      | Entered Level 5 of the Dungeon
   758 | D:5      | Found a sand-covered staircase.
   765 | Ossuary  | Entered an ossuary
   794 | Ossuary  | Reached XP level 5. HP: 38/42 MP: 5/5
   817 | Ossuary  | ...
  1132 | D:4      | Reached skill level 5 in Unarmed Combat
  1203 | D:5      | Reached XP level 6. HP: 21/49 MP: 6/6
  1371 | D:5      | Found a staircase to the Ecumenical Temple.
  1405 | Temple   | Entered the Ecumenical Temple
  1419 | Temple   | Became a worshipper of Qazlal Stormbringer
  1419 | Temple   | Acquired Qazlal's first power
  1419 | Temple   | Acquired Qazlal's second power
  1477 | D:5      | Noticed a sky beast
  1626 | D:5      | Killed a sky beast
  1626 | D:5      | Reached skill level 1 in Invocations
  1753 | D:6      | Gained mutation: You have sharp fingernails. [demonic ancestry]
  1753 | D:6      | Reached XP level 7. HP: 26/56 MP: 9/9
  1875 | D:6      | Noticed a water moccasin
  1882 | D:6      | Killed a water moccasin
  1895 | D:6      | Reached skill level 6 in Unarmed Combat
  1993 | D:4      | Noticed Eustachio
  2010 | D:4      | Slain by Eustachio

Action                   |  1- 3 |  4- 6 |  7- 9 || total
-------------------------+-------+-------+-------++-------
Melee: Unarmed           |    84 |   197 |    34 ||   315
Invok: Upheaval          |       |     1 |     3 ||     4
  Use: Potion            |     3 |     2 |     2 ||     7
 Stab: Sleeping          |     4 |       |       ||     4
       Distracted        |       |     1 |       ||     1

Vault maps used:
D:1:      dpeg_arrival_renting
D:2:      first_bread
D:4:      kennysheep_kobold_camp, serial_shops, shop, uniq_eustachio
D:5:      minmay_temple_entry_overgrown, enter_ossuary_4, tgw_trog
Temple:   circular_temple_12
Ossuary:  ossuary_minmay_tomb_2a
